AoeStats
← 小少少

Arabia

507496213Analyzed
1v1 RM · 13d ago on Sep 18, 2026· 56m 9s· 2 players
Game mode
Random Map
Map size
Tiny (2 player)
Population
200
Speed
Normal
Resources
Standard
Victory
Conquest
Starting age
Dark Age
Ending age
Imperial Age
RankedLock teamsTeams togetherTeam positionsShared explorationLock speedFull tech treeHidden civsTurbo modeCheats
Victory
Defeat
🇹🇼 Shu · Taiwan
2292
+16
🇨🇿 Armenians · Czechia
2300
-16
小少少
3:01 Loom
8:53 Feudal Age
9:24 Double-Bit Axe
19:17 Castle Age
17:18 Gold Mining
17:23 Horse Collar
17:55 Fletching
18:38 Padded Archer Armor
19:21 Crossbowman
19:57 Bodkin Arrow
21:00 Leather Archer Armor
21:01 Bow Saw
22:19 Ballistics
23:58 Wheelbarrow
23:09 Town Watch
25:54 Thumb Ring
30:36 Leather Archer Armor
31:31 Hand Cart
36:51 Scale Barding Armor
36:47 Husbandry
40:03 Imperial Age
38:55 Elite Skirmisher
40:21 Chain Barding Armor
39:22 Light Cavalry
40:56 Bracer
41:57 Chemistry
41:48 Ring Archer Armor
41:15 Stone Mining
42:15 Forging
42:16 Arbalester
44:19 Siege Engineers
45:00 Conscription
44:46 Bolt Magazine
45:03 Masonry
46:47 Chain Barding Armor
46:31 Coiled Serpent Array
46:38 Guard Tower
47:13 Arrowslits
47:59 Architecture
48:33 Two-Man Saw
47:39 Heavy Plow
48:55 Plate Barding Armor
48:42 Murder Holes
49:45 Hoardings
49:48 Scale Mail Armor
49:51 Squires
49:37 Gambesons
50:16 Elite White Feather Guard
52:25 Chain Mail Armor
51:56 Arson
56:00 Plate Mail Armor
Feroker
6:04 Loom
8:48 Feudal Age
9:22 Double-Bit Axe
20:20 Castle Age
18:23 Horse Collar
18:59 Gold Mining
19:23 Fletching
20:26 Crossbowman
21:50 Bow Saw
22:45 Ballistics
23:01 Padded Archer Armor
23:01 Bodkin Arrow
24:49 Padded Archer Armor
26:32 Leather Archer Armor
27:40 Elite Skirmisher
32:14 Wheelbarrow
31:42 Heavy Plow
33:16 Hand Cart
32:46 Town Watch
37:22 Imperial Age
35:54 Town Watch
38:05 Bracer
39:08 Chemistry
39:36 Ring Archer Armor
39:47 Scale Mail Armor
40:27 Squires
40:39 Forging
40:22 Man-at-Arms
40:48 Gambesons
40:49 Arson
41:57 Chain Mail Armor
41:57 Caravan
41:44 Long Swordsman
43:22 Plate Mail Armor
42:35 Two-Handed Swordsman
43:29 Champion
45:34 Iron Casting
45:23 Conscription
44:59 Capped Ram
46:43 Fereters
48:42 Blast Furnace
47:33 Siege Ram
Connection lost

Rejoining the realm…

Still unreachable

The connection could not be restored.

Session expired

The server has moved on; the page needs a fresh start.